[Event "Titled Tuesday Blitz July 11 Late 2023"]
[White "Marchesich, Giovanni"]
[Black "Merino Garcia, Rafael II"]
[WhiteFideId "2824790"]
[BlackFideId "2209128"]
[WhiteElo "2287"]
[BlackElo "2501"]
[Result "0-1"]
[Round "7"]
[TimeControl "180+2"]
[Date "2023.07.11"]
[WhiteClock "0:00:41"]
[BlackClock "0:01:01"]
[Board "91"]

1. e4 d6 2. d4 Nd7 3. c4 g6 4. f4 Bg7 5. Nc3 e5 6. Nf3 exd4 7. Nxd4 Ne7 8. Be3 O-O 9. Be2 Nc6 10. O-O Nf6 11. Bf3 Re8 12. Nxc6 bxc6 13. e5 dxe5 14. Bxc6 Bd7 15. Bxa8 Qxa8 16. fxe5 Rxe5 17. Bd4 Rg5 18. Qe2 Bc6 19. g3 Nh5 20. Bxg7 Nxg3 21. hxg3 Rxg3+ 22. Kh2 Rg2+ 23. Qxg2 Bxg2 24. Rf2 Bc6 25. Bf6 Qf8 26. Rd1 Qh6+ 27. Kg3 Qe3+ 28. Kg4 h5+ 29. Kh4 Qxf2+ 30. Kg5 Qf5+ 31. Kh6 Qxf6 0-1


[Site "https://www.chess.com"]

[Event "Titled Tuesday Blitz July 11 Late 2023"]
[White "rionelG"]
[Black "Novikov, Evgenij"]
[BlackFideId "4125380"]
[WhiteElo "2275"]
[BlackElo "2490"]
[Result "1-0"]
[Round "7"]
[TimeControl "180+2"]
[Date "2023.07.11"]
[WhiteClock "0:00:16"]
[BlackClock "0:00:00"]
[Board "92"]

1. e4 e6 2. d3 d5 3. Nd2 c5 4. g3 Nc6 5. Bg2 h5 6. h3 h4 7. g4 dxe4 8. dxe4 e5 9. Ngf3 Nge7 10. O-O Ng6 11. Nc4 Qc7 12. Ne3 Be6 13. Nd5 Qd7 14. c3 O-O-O 15. Qa4 Bxg4 16. hxg4 h3 17. Bh1 Qxg4+ 18. Kh2 Rxd5 19. Rg1 Qxg1+ 20. Kxg1 Rd7 21. Be3 Nf4 22. Nxe5 h2+ 23. Kf1 Nxe5 24. Bxf4 Bd6 25. Qxa7 Rhd8 26. Bxe5 Bxe5 27. Qxc5+ Bc7 28. Re1 Kb8 29. e5 Rd1 30. Qb5 Rxe1+ 31. Kxe1 b6 32. Qc6 Kc8 33. Qb7+ Kd7 34. Qc6+ Kc8 35. f4 Rd7 36. Qb7+ Kd8 37. Bc6 f6 38. Bxd7 Kxd7 39. Qg2 g5 40. Qxh2 gxf4 41. Qxf4 Bxe5 42. Qf5+ Kc7 43. Ke2 Kc6 44. Kd3 Kd5 45. Qe4+ Kc5 46. b4+ Kb5 47. Qd5+ Ka4 48. Qc6+ Ka3 49. Qxb6 Kxa2 50. Qa6+ Kb3 51. b5 1-0


[Site "https://www.chess.com"]

[Event "Titled Tuesday Blitz July 11 Late 2023"]
[White "SicilianPanzer"]
[Black "Yurasova, Daria"]
[BlackFideId "34146919"]
[WhiteElo "2271"]
[BlackElo "2486"]
[Result "1-0"]
[Round "7"]
[TimeControl "180+2"]
[Date "2023.07.11"]
[WhiteClock "0:00:10"]
[BlackClock "0:00:09"]
[Board "93"]

1. e4 e5 2. Nc3 Nc6 3. Bc4 Bc5 4. Qg4 g6 5. Qf3 Nf6 6. Nge2 O-O 7. d3 Re8 8. Bg5 Be7 9. O-O-O d6 10. h4 Bg4 11. Qe3 h5 12. f3 Bd7 13. Rdg1 a6 14. g4 b5 15. Bb3 b4 16. Bxf6 Bxf6 17. gxh5 bxc3 18. Rxg6+ Kf8 19. Qh6+ Ke7 20. Rxf6 cxb2+ 21. Kxb2 Rf8 22. Nc3 Bc8 23. Rg1 Nd4 24. Rg7 Kd7 25. Rfxf7+ Rxf7 26. Rxf7+ Kc6 27. Bd5+ Kb6 28. Bxa8 Be6 29. Rf8 Qxh4 30. Bd5 Qh2 31. Qc1 Bd7 32. Rb8+ Ka5 33. Bb3 Qf2 34. Nd1 Qe2 35. Nc3 Qf2 36. Ka1 Bc6 37. Qa3+ Ba4 38. Qxa4# 1-0


[Site "https://www.chess.com"]

[Event "Titled Tuesday Blitz July 11 Late 2023"]
[White "Alboredo, Julia"]
[Black "Sarkar, Justin"]
[WhiteFideId "2124807"]
[BlackFideId "2010011"]
[WhiteElo "2478"]
[BlackElo "2262"]
[Result "1-0"]
[Round "7"]
[TimeControl "180+2"]
[Date "2023.07.11"]
[WhiteClock "0:01:33"]
[BlackClock "0:00:00"]
[Board "94"]

1. e4 c5 2. Nf3 d6 3. Nc3 Nf6 4. e5 dxe5 5. Nxe5 a6 6. g3 Qc7 7. d4 cxd4 8. Qxd4 Nc6 9. Nxc6 Qxc6 10. Bg5 Bg4 11. Bxf6 exf6 12. Qxg4 Qxh1 13. O-O-O Qc6 14. Bg2 Qc8 15. Re1+ Be7 16. Qxg7 Rf8 17. Nd5 1-0


[Site "https://www.chess.com"]

[Event "Titled Tuesday Blitz July 11 Late 2023"]
[White "Sala, Giulia"]
[Black "SergioMoralesG"]
[WhiteFideId "2840451"]
[WhiteElo "2255"]
[BlackElo "2464"]
[Result "1-0"]
[Round "7"]
[TimeControl "180+2"]
[Date "2023.07.11"]
[WhiteClock "0:00:59"]
[BlackClock "0:00:00"]
[Board "95"]

1. e4 e5 2. Nf3 Nf6 3. Bc4 Nc6 4. O-O Be7 5. Re1 Nxe4 6. Bxf7+ Kxf7 7. Rxe4 Bf6 8. d4 d5 9. Rxe5 Nxe5 10. dxe5 Be7 11. Nc3 Be6 12. Ne2 Rf8 13. Ned4 Qd7 14. Ng5+ Bxg5 15. Bxg5 Kg8 16. b4 a5 17. b5 c5 18. bxc6 bxc6 19. Qe2 c5 20. Nb5 Bg4 21. f3 Be6 22. Rd1 a4 23. a3 Rab8 24. Nd6 Rb2 25. Bh4 d4 26. f4 Bf5 27. Qc4+ Kh8 28. Qxc5 Bxc2 29. Rxd4 Rb1+ 30. Kf2 Bg6 31. Nc4 Qf7 32. e6 Qf5 33. Qxf5 Bxf5 34. e7 Re8 35. Rd8 Rb8 36. Nd6 Bg6 37. Nxe8 Rb2+ 38. Ke3 h6 39. Nf6+ 1-0


[Site "https://www.chess.com"]

[Event "Titled Tuesday Blitz July 11 Late 2023"]
[White "BrandonJiang123456"]
[Black "Rubio Tent, Francisco"]
[BlackFideId "2238233"]
[WhiteElo "2240"]
[BlackElo "2464"]
[Result "1-0"]
[Round "7"]
[TimeControl "180+2"]
[Date "2023.07.11"]
[WhiteClock "0:00:22"]
[BlackClock "0:00:00"]
[Board "96"]

1. e4 c6 2. d4 d5 3. exd5 cxd5 4. Bd3 Nc6 5. c3 Qc7 6. h3 g6 7. Nf3 Bf5 8. O-O Nf6 9. Na3 a6 10. Nc2 Bxd3 11. Qxd3 Bg7 12. Re1 O-O 13. Ne3 e6 14. Ng4 Ne4 15. Ng5 h5 16. Nh2 Nxf2 17. Qf3 Ne4 18. Nxe4 dxe4 19. Qxe4 Rad8 20. Bf4 Qb6 21. Nf3 e5 22. Nxe5 Qxb2 23. Nxc6 bxc6 24. Rac1 c5 25. dxc5 Bxc3 26. Re2 Bd4+ 27. Kh2 Qb4 28. c6 Rc8 29. c7 Bc5 30. Rc4 Qb6 31. Qd5 Bg1+ 32. Kh1 Kh7 33. Rc6 Qb1 34. Rc1 Qb4 35. Bd2 Qb6 36. Rxg1 Rxc7 37. Rge1 Rfc8 38. Qg5 Qd6 39. Qh6+ Kg8 40. Re8+ 1-0


[Site "https://www.chess.com"]

[Event "Titled Tuesday Blitz July 11 Late 2023"]
[White "Khouri, Ahmed Abbas"]
[Black "Salazar Farias, Luis German"]
[WhiteFideId "9301518"]
[BlackFideId "3902170"]
[WhiteElo "2226"]
[BlackElo "2461"]
[Result "0-1"]
[Round "7"]
[TimeControl "180+2"]
[Date "2023.07.11"]
[WhiteClock "0:00:03"]
[BlackClock "0:00:05"]
[Board "97"]

1. e4 c6 2. c4 d5 3. exd5 cxd5 4. cxd5 Nf6 5. Nc3 Nxd5 6. Nf3 e6 7. Bc4 Nc6 8. O-O Be7 9. Re1 O-O 10. a3 b6 11. d4 Bb7 12. Bb3 Nxc3 13. bxc3 Rc8 14. Qd3 Bf6 15. Bc2 g6 16. Bh6 Bg7 17. Bxg7 Kxg7 18. Ne5 Qg5 19. f3 Rfd8 20. Rad1 Nxe5 21. Rxe5 Qxe5 22. dxe5 Rxd3 23. Rxd3 Bd5 24. Kf2 Kf8 25. Ke3 Ke7 26. Kd2 Rc5 27. g3 Ra5 28. a4 Bc6 29. Rd6 Bxa4 30. Bxa4 Rxa4 31. Rc6 Kd7 32. Rd6+ Kc7 33. Kd3 Ra5 34. f4 Rc5 35. Rd4 a5 36. c4 a4 37. Re4 a3 38. Re2 Ra5 39. Ra2 Kc6 40. Kc3 Kc5 41. Kb3 Ra8 42. h4 Rd8 43. Kc3 Ra8 44. Kb3 h5 45. Kc3 Ra7 46. Kb3 Ra6 47. Kc3 Ra4 48. Kb3 Ra7 49. Kc3 Ra8 50. Kb3 Ra7 51. Kc3 b5 52. cxb5 Kxb5 53. Kb3 Kc5 54. Kc3 Kd5 55. Kd3 Ra4 56. Ke3 Kc4 57. Rc2+ Kb3 58. Rc7 a2 59. Rb7+ Ka3 60. Rd7 a1=Q 61. Rd3+ Kb4 0-1


[Site "https://www.chess.com"]

[Event "Titled Tuesday Blitz July 11 Late 2023"]
[White "Milovic, Aleksandra"]
[Black "whiteglovethief"]
[WhiteFideId "933988"]
[WhiteElo "2070"]
[BlackElo "2456"]
[Result "1-0"]
[Round "7"]
[TimeControl "180+2"]
[Date "2023.07.11"]
[WhiteClock "0:00:48"]
[BlackClock "0:01:27"]
[Board "98"]

1. e4 d5 2. exd5 Qxd5 3. Nc3 Qa5 4. d4 Nf6 5. Nf3 Bg4 6. Be2 Nc6 7. h3 Bh5 8. Ne5 Nxe5 9. Bxh5 Nxh5 10. dxe5 Qxe5+ 11. Be3 Rd8 12. Qf3 c6 13. O-O Nf6 14. Bxa7 e6 15. Bb6 Rd2 16. Rad1 Bd6 17. g3 Rxd1 18. Rxd1 Nd5 19. Bd4 Qg5 20. Ne4 Qe7 21. Bxg7 f5 22. Nxd6+ 1-0


[Site "https://www.chess.com"]

[Event "Titled Tuesday Blitz July 11 Late 2023"]
[White "Romero Ruscalleda, Josep"]
[Black "Navyblue1"]
[WhiteFideId "2231859"]
[WhiteElo "2453"]
[BlackElo "1868"]
[Result "1-0"]
[Round "7"]
[TimeControl "180+2"]
[Date "2023.07.11"]
[WhiteClock "0:01:25"]
[BlackClock "0:00:04"]
[Board "99"]

1. e4 c5 2. c3 Nf6 3. e5 Nd5 4. Nf3 Nc6 5. Bc4 Nb6 6. Bb3 c4 7. Bc2 d5 8. exd6 Qxd6 9. O-O Bg4 10. Re1 e6 11. Qe2 Be7 12. Na3 Qc5 13. b3 cxb3 14. axb3 O-O 15. Bb2 Qh5 16. Be4 Bf5 17. d4 Bxe4 18. Qxe4 a6 19. Nc4 Nd5 20. Nce5 Nxe5 21. Nxe5 b5 22. c4 bxc4 23. bxc4 Nf6 24. Qb7 Rab8 25. Qxe7 Rxb2 26. Rxa6 Rd2 27. Rd6 Rd1 28. Kf1 Rxe1+ 29. Kxe1 Qxh2 30. Rd8 Qh1+ 31. Ke2 Qh5+ 32. f3 Ne8 33. Rxe8 1-0


[Site "https://www.chess.com"]

[Event "Titled Tuesday Blitz July 11 Late 2023"]
[White "gordonzyxu"]
[Black "Nefedov, Sergey"]
[BlackFideId "24113417"]
[WhiteElo "1985"]
[BlackElo "2649"]
[Result "0-1"]
[Round "7"]
[TimeControl "180+2"]
[Date "2023.07.11"]
[WhiteClock "0:00:10"]
[BlackClock "0:01:15"]
[Board "100"]

1. e4 d5 2. exd5 Qxd5 3. Nc3 Qd8 4. d4 Nf6 5. Nf3 c6 6. Bc4 Bf5 7. O-O e6 8. Bg5 Be7 9. Qd2 O-O 10. Rfe1 Nbd7 11. Bd3 Bg6 12. Rad1 a5 13. Ne2 a4 14. Nf4 a3 15. b3 Nd5 16. Nxg6 hxg6 17. c4 Nb4 18. Bb1 Ra5 19. d5 cxd5 20. c5 Nc6 21. b4 Ra4 22. b5 Bxg5 23. Nxg5 Ne7 24. Qe3 Nf5 25. Qc1 Rc4 26. Qd2 Nxc5 27. Bxf5 gxf5 28. Rb1 Ne4 29. Nxe4 fxe4 30. Qe3 Qc7 31. Qxa3 Rc8 32. g3 Qc5 33. Qb2 Rc2 34. Rf1 Rxb2 35. Rxb2 e3 36. fxe3 Qxe3+ 37. Rbf2 Rc2 38. Kg2 Rxf2+ 39. Rxf2 d4 40. Rf3 Qe2+ 41. Rf2 Qe4+ 42. Kg1 d3 43. Kf1 Qh1# 0-1


[Site "https://www.chess.com"]

[Event "Titled Tuesday Blitz July 11 Late 2023"]
[White "Castella Garcia, Fausto"]
[Black "Sadykov, Ramil"]
[WhiteFideId "3501922"]
[BlackFideId "24113590"]
[WhiteElo "2398"]
[BlackElo "2593"]
[Result "0-1"]
[Round "7"]
[TimeControl "180+2"]
[Date "2023.07.11"]
[WhiteClock "0:00:00"]
[BlackClock "0:00:04"]
[Board "102"]

1. e4 c5 2. Nf3 Nc6 3. Bb5 g6 4. c3 Bg7 5. d4 cxd4 6. cxd4 Nf6 7. Nc3 d5 8. Ne5 Bd7 9. exd5 Nb8 10. Bc4 O-O 11. O-O Bf5 12. Re1 Nbd7 13. Bg5 Nb6 14. Bb3 h6 15. Bxf6 exf6 16. Nf3 Rc8 17. h3 Nc4 18. Qe2 Na5 19. Bc2 Bxc2 20. Qxc2 Qxd5 21. Nxd5 Rxc2 22. b4 Nc4 23. Rac1 Rxc1 24. Rxc1 Nd6 25. Rc7 Rd8 26. Ne3 a6 27. a4 Kf8 28. h4 h5 29. Kf1 Ke8 30. Ke2 Rd7 31. Rc5 Kd8 32. Kd3 Ne8 33. Rc2 Nc7 34. Kc4 Ne6 35. d5 Nc7 36. Rd2 f5 37. d6 Ne8 38. Kc5 Nxd6 39. Rxd6 Bf8 40. Nc4 Kc7 41. b5 b6+ 42. Kd5 Bxd6 43. bxa6 Bf4+ 44. Nd6 Rxd6+ 45. Kc4 Kb8 0-1


[Site "https://www.chess.com"]

[Event "Titled Tuesday Blitz July 11 Late 2023"]
[White "Campos, Maria Jose"]
[Black "Grinev, Valeriy"]
[WhiteFideId "146803"]
[BlackFideId "14117517"]
[WhiteElo "2388"]
[BlackElo "2571"]
[Result "0-1"]
[Round "7"]
[TimeControl "180+2"]
[Date "2023.07.11"]
[WhiteClock "0:01:27"]
[BlackClock "0:01:44"]
[Board "103"]

1. c4 c5 2. g3 Nf6 3. Bg2 g6 4. Nc3 Bg7 5. Nf3 O-O 6. d4 Nc6 7. dxc5 a5 8. O-O e5 9. h3 Qe7 10. Be3 h6 11. Rc1 Kh7 12. Nd5 Qd8 13. Qd2 Ne4 14. Qd3 f5 15. Nb6 Ra6 16. Rfd1 d6 17. cxd6 Rxb6 18. b3 Nb4 19. Qb1 Rxd6 20. a3 Nc6 21. c5 Rxd1+ 22. Rxd1 Qe7 23. Qc2 Be6 24. Nh4 Nf6 25. Rd6 a4 26. b4 Bb3 27. Qd3 e4 28. Qd2 Ne5 29. Qc1 Nc4 30. Bf4 Nxd6 31. Bxd6 Qf7 32. Bxf8 Qxf8 33. Qf4 Nh5 34. Qd6 Qxd6 35. cxd6 Be6 36. g4 Nf4 37. e3 Nxg2 38. Nxg2 fxg4 39. Nf4 Bd7 40. hxg4 Be5 41. Nd5 Bxg4 42. b5 Be6 43. Nc7 Bc4 44. Ne8 Bxb5 45. Nc7 Bc6 0-1


[Site "https://www.chess.com"]

[Event "Titled Tuesday Blitz July 11 Late 2023"]
[White "Bruedigam, Martin"]
[Black "Pesotskiy, Mikhail"]
[WhiteFideId "24608033"]
[BlackFideId "34164453"]
[WhiteElo "2544"]
[BlackElo "2388"]
[Result "1-0"]
[Round "7"]
[TimeControl "180+2"]
[Date "2023.07.11"]
[WhiteClock "0:00:11"]
[BlackClock "0:00:00"]
[Board "104"]

1. c4 e5 2. g3 Nc6 3. Bg2 Bc5 4. e3 a6 5. Ne2 Ba7 6. O-O h5 7. d4 h4 8. Nbc3 d6 9. b3 hxg3 10. fxg3 Bh3 11. Bxh3 Rxh3 12. Kg2 Rh8 13. d5 Nce7 14. e4 Qd7 15. Ng1 Nh6 16. Qf3 O-O-O 17. h3 f5 18. Be3 Bd4 19. Bxd4 exd4 20. Nce2 fxe4 21. Qxe4 Nef5 22. Nxd4 Nxd4 23. Qxd4 Nf5 24. Qd3 g6 25. Rae1 Rde8 26. a4 Qg7 27. Qd2 Qd4 28. Qxd4 Nxd4 29. Rxe8+ Rxe8 30. Rf6 Nxb3 31. Rxg6 Nd2 32. Rg4 c6 33. dxc6 bxc6 34. Rd4 Nb3 35. Rxd6 Kc7 36. Rd3 Nc5 37. Rf3 Nxa4 38. g4 Nc5 39. g5 a5 40. h4 Re4 41. Kh3 Rxc4 42. g6 Ne6 43. Ne2 Rc2 44. Ng3 Kd6 45. Rf6 Ke7 46. Rf5 Rc3 47. h5 a4 48. Rf7+ Ke8 49. Kg4 a3 50. Nf5 a2 51. Ra7 1-0


[Site "https://www.chess.com"]

[Event "Titled Tuesday Blitz July 11 Late 2023"]
[White "K2JW"]
[Black "Janaszak, Dawid"]
[BlackFideId "1119206"]
[WhiteElo "2378"]
[BlackElo "2525"]
[Result "0-1"]
[Round "7"]
[TimeControl "180+2"]
[Date "2023.07.11"]
[WhiteClock "0:00:03"]
[BlackClock "0:00:16"]
[Board "105"]

1. e4 e5 2. Nf3 Nc6 3. Bc4 Nf6 4. d3 h6 5. Nbd2 g6 6. O-O Bg7 7. c3 d6 8. d4 O-O 9. Re1 Nh7 10. Nf1 Bg4 11. d5 Ne7 12. Ng3 f5 13. exf5 Nxf5 14. Nxf5 Rxf5 15. Be2 Qf6 16. Nd2 Bxe2 17. Qxe2 Ng5 18. h4 Nh7 19. g4 Rf4 20. Ne4 Qxh4 21. Bxf4 exf4 22. Kg2 f3+ 23. Qxf3 Rf8 24. Qg3 Qe7 25. f4 Qf7 26. Rad1 Qxf4 27. Qxf4 Rxf4 28. Nf2 Be5 29. Re4 Rf7 30. Nd3 Nf6 31. Nxe5 dxe5 32. Rxe5 Nxg4 33. Re6 Kg7 34. Rf1 Rd7 35. c4 h5 36. Rd1 Kh6 37. c5 Kg5 38. d6 cxd6 39. Rdxd6 Rf7 40. Rxg6+ Kh4 41. Rd2 Ne3+ 42. Kh2 Nf1+ 43. Kg2 Nxd2 44. Rg3 Ne4 45. Rh3+ Kg5 46. Rd3 Rf2+ 47. Kg1 Rxb2 48. Rd5+ Kg4 49. Rd4 Kf3 50. a4 h4 51. Rd3+ Kf4 52. Rc3 0-1


[Site "https://www.chess.com"]

[Event "Titled Tuesday Blitz July 11 Late 2023"]
[White "Schuster, Karsten"]
[Black "Thorfinnsson, Bragi"]
[WhiteFideId "4611071"]
[BlackFideId "2300958"]
[WhiteElo "2342"]
[BlackElo "2522"]
[Result "1/2-1/2"]
[Round "7"]
[TimeControl "180+2"]
[Date "2023.07.11"]
[WhiteClock "0:01:17"]
[BlackClock "0:01:07"]
[Board "106"]

1. d4 d5 2. c4 e5 3. dxe5 Ne7 4. cxd5 Qxd5 5. Qxd5 Nxd5 6. a3 Nc6 7. Nf3 Bg4 8. Nbd2 O-O-O 9. h3 Bh5 10. g4 Bg6 11. Nc4 Bc5 12. Bg5 Rde8 13. e3 Nb6 14. Nxb6+ Bxb6 15. Bb5 Be4 16. Bxc6 Bxc6 17. Ke2 Bb5+ 18. Ke1 Bc6 19. Ke2 Bxf3+ 20. Kxf3 Rxe5 21. Bf4 Rd5 22. Rhd1 Rhd8 23. Ke2 Rxd1 24. Rxd1 Rxd1 25. Kxd1 Kd7 26. Ke2 c6 27. Kd3 Ke6 28. f3 Bd8 29. e4 Bf6 30. b3 Be5 31. Be3 b6 32. f4 Bd6 33. f5+ Kd7 34. Bd4 f6 35. a4 c5 36. Bc3 h6 37. Kc4 Kc6 38. h4 Bf4 39. b4 cxb4 40. Bxb4 Bd6 41. Bc3 a6 42. g5 hxg5 43. hxg5 b5+ 44. axb5+ axb5+ 45. Kd3 Be7 46. gxf6 gxf6 47. e5 fxe5 48. Bxe5 Kd5 49. Bb2 1/2-1/2


[Site "https://www.chess.com"]

[Event "Titled Tuesday Blitz July 11 Late 2023"]
[White "Papayan, Oleg"]
[Black "Fajdetic, Hrvoje"]
[WhiteFideId "4193911"]
[BlackFideId "14501945"]
[WhiteElo "2502"]
[BlackElo "2338"]
[Result "0-1"]
[Round "7"]
[TimeControl "180+2"]
[Date "2023.07.11"]
[WhiteClock "0:00:02"]
[BlackClock "0:00:13"]
[Board "107"]

1. d4 d5 2. c4 e6 3. Nc3 f5 4. g3 c6 5. Bg2 Nf6 6. Nf3 Bd6 7. Bf4 O-O 8. O-O Ne4 9. Bxd6 Qxd6 10. Ne5 Nd7 11. Nxd7 Bxd7 12. f3 Nxc3 13. bxc3 f4 14. c5 Qc7 15. e3 fxg3 16. f4 gxh2+ 17. Kxh2 Rf6 18. Rh1 g5 19. Qg4 e5 20. Qxg5+ Rg6 21. Qxe5 Qa5 22. f5 Re8 23. fxg6 Rxe5 24. gxh7+ Kh8 25. dxe5 Qxc3 26. Raf1 Qxe5+ 27. Kg1 Qxe3+ 28. Rf2 Bf5 29. Rh4 Bxh7 30. Rf4 d4 31. Kh2 Qe5 32. Kh3 d3 33. Rf8+ Kg7 34. R8f7+ Kg8 35. Rf8+ Kg7 36. R8f7+ Kg6 37. R7f6+ Qxf6 38. Rxf6+ Kxf6 39. Bf3 Ke5 40. Kg3 Kd4 41. Kf2 Kxc5 42. Ke3 Kc4 43. Kd2 Kd4 44. Bg4 c5 45. Bc8 b5 46. Ba6 b4 47. Bb5 c4 48. Ba4 c3+ 49. Kd1 d2 50. Bb3 Be4 51. a4 Bf3+ 52. Kc2 d1=Q# 0-1


[Site "https://www.chess.com"]

[Event "Titled Tuesday Blitz July 11 Late 2023"]
[White "Rakitic2010"]
[Black "kiwibobo"]
[WhiteElo "2496"]
[BlackElo "2337"]
[Result "0-1"]
[Round "7"]
[TimeControl "180+2"]
[Date "2023.07.11"]
[WhiteClock "0:02:26"]
[BlackClock "0:02:14"]
[Board "108"]

1. e4 e5 2. d4 exd4 3. c3 d5 4. Qxd4 dxe4 5. Qxe4+ Qe7 6. Bd3 Nf6 7. Qxe7+ Bxe7 8. Nf3 O-O 9. O-O Nbd7 10. Nbd2 Nc5 11. Bc2 Be6 12. Ne4 Ncxe4 13. Bxe4 Nxe4 0-1


[Site "https://www.chess.com"]

[Event "Titled Tuesday Blitz July 11 Late 2023"]
[White "Mei, Austin"]
[Black "Djordjevic, Dejan N"]
[WhiteFideId "30948479"]
[BlackFideId "913316"]
[WhiteElo "2489"]
[BlackElo "2104"]
[Result "1-0"]
[Round "7"]
[TimeControl "180+2"]
[Date "2023.07.11"]
[WhiteClock "0:00:12"]
[BlackClock "0:00:00"]
[Board "109"]

1. e4 c5 2. Nf3 Nc6 3. d4 cxd4 4. Nxd4 Nf6 5. Nc3 Qb6 6. Nb3 e6 7. Be3 Qc7 8. Be2 a6 9. a4 b6 10. O-O d6 11. f4 Be7 12. Bf3 Rb8 13. g4 O-O 14. g5 Nd7 15. Bg2 f6 16. f5 Nc5 17. fxe6 Bxe6 18. Nd5 Bxd5 19. Qxd5+ Kh8 20. g6 Ne5 21. gxh7 Qd7 22. Nd4 Qg4 23. Rf4 Qh5 24. Nf5 Rbe8 25. Kh1 Qf7 26. Rg1 g5 27. Rff1 Qxh7 28. b4 Ncd7 29. Nxd6 Bxd6 30. Qxd6 Qe7 31. Qd1 Kg7 32. Bh3 Rh8 33. Bf5 Rh4 34. Bf2 Rh6 35. Bg3 Reh8 36. Kg2 Nf8 37. Qd4 Nfg6 38. Bxg6 Kxg6 39. Rf5 Ng4 40. Rgf1 Rxh2+ 41. Bxh2 Rxh2+ 42. Kg1 1-0


[Site "https://www.chess.com"]

[Event "Titled Tuesday Blitz July 11 Late 2023"]
[White "Davidson, Kevin"]
[Black "Schnaider, Ilan"]
[WhiteFideId "2056810"]
[BlackFideId "169013"]
[WhiteElo "2369"]
[BlackElo "2630"]
[Result "0-1"]
[Round "7"]
[TimeControl "180+2"]
[Date "2023.07.11"]
[WhiteClock "0:00:00"]
[BlackClock "0:01:12"]
[Board "110"]

1. e4 e5 2. Nf3 Nc6 3. Bb5 a6 4. Ba4 Nf6 5. O-O Be7 6. Re1 b5 7. Bb3 O-O 8. a4 b4 9. d4 exd4 10. e5 Ne8 11. Nxd4 Nxd4 12. Qxd4 d6 13. Bf4 dxe5 14. Bxe5 Bb7 15. Nd2 Bf6 16. Qxb4 Rb8 17. Qc3 Bxe5 18. Rxe5 Nf6 19. Rg5 Kh8 20. Nf3 h6 21. Rg3 Nh5 22. Rg4 f5 23. Rd4 Qf6 24. Rad1 Rbe8 25. g3 f4 26. R1d3 fxg3 27. hxg3 Bxf3 0-1


[Site "https://www.chess.com"]

[Event "Titled Tuesday Blitz July 11 Late 2023"]
[White "micke12a"]
[Black "Vlassov, Nikolai"]
[BlackFideId "4103360"]
[WhiteElo "2369"]
[BlackElo "2563"]
[Result "0-1"]
[Round "7"]
[TimeControl "180+2"]
[Date "2023.07.11"]
[WhiteClock "0:00:03"]
[BlackClock "0:00:24"]
[Board "111"]

1. d4 Nf6 2. Nf3 e6 3. c4 Nc6 4. Nc3 Bb4 5. Qc2 d6 6. a3 Bxc3+ 7. Qxc3 Qe7 8. g3 e5 9. dxe5 dxe5 10. Bg2 O-O 11. O-O Bg4 12. h3 Bh5 13. Bg5 h6 14. Bxf6 Qxf6 15. Rad1 e4 16. Qxf6 gxf6 17. Nd4 Nxd4 18. Rxd4 f5 19. g4 fxg4 20. hxg4 Bxg4 21. Rxe4 Be6 22. Rh4 Kg7 23. b4 c6 24. f4 Bxc4 25. Rf3 Rh8 26. Rg3+ Kf6 27. e4 a5 28. e5+ Ke7 29. f5 Ba2 30. Rgh3 axb4 31. axb4 Ra4 32. Bf1 Bd5 33. b5 Rg8+ 34. Kf2 Ra2+ 35. Ke1 Rg5 36. Rf4 h5 37. bxc6 bxc6 38. Rb4 Rxf5 39. Rb7+ Ke6 40. Re3 Rxe5 41. Bh3+ Kf6 42. Rxe5 Kxe5 43. Rb8 c5 44. Rh8 Bf3 45. Rc8 Kd4 46. Rf8 Ke3 47. Re8+ Be4 48. Rd8 f5 49. Bf1 Ra1+ 50. Rd1 Rxd1+ 51. Kxd1 f4 52. Ke1 h4 53. Bh3 c4 54. Kd1 f3 55. Ke1 f2+ 56. Kd1 Bd3 0-1


[Site "https://www.chess.com"]

[Event "Titled Tuesday Blitz July 11 Late 2023"]
[White "Villuendas Valero, Adrian"]
[Black "Bobkov, Vadim"]
[WhiteFideId "2262460"]
[BlackFideId "34110876"]
[WhiteElo "2367"]
[BlackElo "2519"]
[Result "1-0"]
[Round "7"]
[TimeControl "180+2"]
[Date "2023.07.11"]
[WhiteClock "0:00:43"]
[BlackClock "0:00:00"]
[Board "112"]

1. e4 c5 2. Nf3 g6 3. d4 cxd4 4. Qxd4 Nf6 5. Nc3 Nc6 6. Qa4 d6 7. e5 dxe5 8. Nxe5 Bd7 9. Nxd7 Nxd7 10. Be3 Bg7 11. Bb5 O-O 12. O-O Nb6 13. Qh4 e6 14. Bg5 Qd4 15. Qg3 Qb4 16. Rab1 Nd5 17. Nxd5 exd5 18. Bd3 Rfe8 19. c3 Qa5 20. a3 d4 21. cxd4 Nxd4 22. Rfd1 Ne2+ 23. Bxe2 Rxe2 24. b4 Qb6 25. Be3 Qe6 26. Qf3 Ra2 27. Qxb7 1-0


[Site "https://www.chess.com"]

[Event "Titled Tuesday Blitz July 11 Late 2023"]
[White "cedchass2006"]
[Black "Bilan, Danila"]
[BlackFideId "24161918"]
[WhiteElo "2361"]
[BlackElo "2506"]
[Result "0-1"]
[Round "7"]
[TimeControl "180+2"]
[Date "2023.07.11"]
[WhiteClock "0:00:10"]
[BlackClock "0:00:27"]
[Board "113"]

1. e4 c6 2. d4 d5 3. e5 c5 4. Nf3 Nc6 5. dxc5 Bg4 6. c3 e6 7. Be3 Bxf3 8. Qxf3 Nxe5 9. Bb5+ Nc6 10. c4 Nf6 11. Nc3 Be7 12. O-O-O O-O 13. cxd5 exd5 14. Nxd5 Nxd5 15. Qxd5 Qa5 16. Bd3 Nb4 17. Qe4 Nxd3+ 18. Rxd3 Bxc5 19. Kb1 Bxe3 20. Rxe3 g6 21. Rd1 Rad8 22. Rxd8 Rxd8 23. Qc2 Qh5 24. Qe2 Qf5+ 25. Ka1 Qxf2 26. Re8+ Kg7 27. Qe5+ Kh6 28. a3 Qf1+ 29. Qe1 Rd1+ 0-1


[Site "https://www.chess.com"]

[Event "Titled Tuesday Blitz July 11 Late 2023"]
[White "Dragomirescu, Robin-Alexandru"]
[Black "Alahakoon, Isuru"]
[WhiteFideId "1213849"]
[BlackFideId "9900993"]
[WhiteElo "2493"]
[BlackElo "2359"]
[Result "1-0"]
[Round "7"]
[TimeControl "180+2"]
[Date "2023.07.11"]
[WhiteClock "0:00:06"]
[BlackClock "0:00:00"]
[Board "114"]

1. b3 e5 2. Bb2 Nc6 3. e3 g6 4. f4 Bg7 5. Nf3 Nge7 6. Nxe5 Nxe5 7. Bxe5 Bxe5 8. fxe5 Nc6 9. d4 O-O 10. Bb5 Qh4+ 11. g3 Qe4 12. Bxc6 dxc6 13. O-O Qxe3+ 14. Rf2 Bh3 15. Qd2 Qe4 16. Nc3 Qg4 17. Qf4 Qd7 18. Ne4 Kg7 19. Qh4 Qg4 20. Qxg4 Bxg4 21. Nf6 Bf5 22. g4 Be6 23. c4 Rad8 24. Rd1 b6 25. Kg2 Bc8 26. Kg3 Rh8 27. h4 h6 28. Kf4 Rhf8 29. d5 cxd5 30. cxd5 Bb7 31. Rc2 c5 32. d6 Bc6 33. Rc3 Bd7 34. a3 Be6 35. b4 c4 36. b5 a6 37. Rb1 a5 38. Rd1 Rc8 39. d7 Rb8 40. Rd6 Rfd8 41. Rxe6 fxe6 42. Rxc4 Rb7 43. Rc6 Kf7 44. h5 g5+ 45. Ke4 Ke7 46. a4 Rdxd7 47. Nxd7 Kxd7 48. Rd6+ Ke7 49. Rc6 Kd7 50. Ke3 Rb8 51. Rd6+ Ke7 52. Kf3 Rb7 53. Ke2 Rb8 54. Rc6 Kd7 55. Rc3 Rb7 56. Rf3 Ke7 57. Rf6 Rc7 58. Kd3 Rc5 59. Rxh6 Rxe5 60. Rh7+ Kd6 61. Rb7 Kc5 62. h6 1-0


[Site "https://www.chess.com"]

[Event "Titled Tuesday Blitz July 11 Late 2023"]
[White "Dubreuil, Julien"]
[Black "Liu, Casper"]
[WhiteFideId "621285"]
[BlackFideId "1454153"]
[WhiteElo "2355"]
[BlackElo "2481"]
[Result "1-0"]
[Round "7"]
[TimeControl "180+2"]
[Date "2023.07.11"]
[WhiteClock "0:02:44"]
[BlackClock "0:01:12"]
[Board "115"]

1. e4 c6 2. Nf3 d5 3. exd5 cxd5 4. Ne5 Qd6 5. d4 Nc6 6. Bb5 Nf6 7. O-O g6 8. Bf4 Qe6 9. Re1 Ne4 10. Rxe4 dxe4 11. d5 Qf5 12. dxc6 1-0


[Site "https://www.chess.com"]